AoeStats
← 17_Neo_

Arabia

510514147Analyzed
2v2 RM · 1d ago on Oct 1, 2026· 38m 18s· 4 players
Game mode
Random Map
Map size
Medium (4 player)
Population
200
Speed
Normal
Resources
Standard
Victory
Conquest
Starting age
Dark Age
Ending age
Imperial Age
RankedLock teamsTeams togetherTeam positionsShared explorationLock speedFull tech treeHidden civsTurbo modeCheats
Victory
Defeat
🇫🇷 Khmer · France
1425
+15
🇫🇷 Japanese · France
1400
+16
🇨🇴 Maya · Colombia
1405
-16
🇨🇴 Teutons · Colombia
1391
-15
17_Neo_
0:27 Loom
10:34 Feudal Age
11:12 Double-Bit Axe
12:21 Wheelbarrow
12:13 Fletching
16:43 Forging
20:03 Town Watch
22:34 Castle Age
20:40 Horse Collar
20:52 Gold Mining
22:48 Crossbowman
23:24 Bodkin Arrow
24:03 Thumb Ring
25:04 Ballistics
25:17 Padded Archer Armor
27:13 Scale Mail Armor
29:10 Pikeman
34:17 Iron Casting
34:18 Squires
RAGNAROK
11:01 Loom
14:15 Feudal Age
15:40 Wheelbarrow
18:24 Castle Age
17:06 Double-Bit Axe
17:02 Horse Collar
19:20 Hand Cart
23:09 Bow Saw
28:04 Elite Skirmisher
28:39 Town Watch
36:40 Padded Archer Armor
36:31 Fletching
Alturiak
5:23 Loom
9:44 Feudal Age
11:03 Double-Bit Axe
12:38 Horse Collar
19:36 Castle Age
17:50 Gold Mining
18:10 Fletching
20:02 Bloodlines
20:12 Padded Archer Armor
21:59 Wheelbarrow
21:48 Bodkin Arrow
22:58 Bow Saw
23:25 Leather Archer Armor
25:26 Town Watch
25:48 Thumb Ring
26:50 Ballistics
36:01 Husbandry
41:13 Imperial Age
Baptou the WololOnager
7:14 Loom
9:23 Feudal Age
9:49 Horse Collar
9:57 Double-Bit Axe
16:02 Forging
15:58 Scale Barding Armor
21:44 Castle Age
19:55 Gold Mining
20:55 Bloodlines
22:50 Chain Barding Armor
21:52 Light Cavalry
22:33 Husbandry
23:36 Town Watch
24:26 Wheelbarrow
24:11 Bow Saw
26:21 Gold Shaft Mining
35:39 Imperial Age
35:42 Cavalier
38:00 Plate Barding Armor
38:01 Iron Casting
38:26 Stone Mining
Connection lost

Rejoining the realm…

Still unreachable

The connection could not be restored.

Session expired

The server has moved on; the page needs a fresh start.